 Dungeon Crawl Stone Soup version 0.30.0-29-ga12c61a403 (webtiles) character file.

Game seed: 17073045329197352104

2669 belegose the Covered (level 9, -6/79 HPs)
             Began as an Armataur Artificer on June 12, 2023.
             Was a Believer of Zin.
             Mangled by a two-headed ogre
             ... wielding a +0 giant spiked club
              (18 damage)
             ... on level 9 of the Dungeon.
             The game lasted 00:22:49 (6998 turns).

belegose the Covered (Armataur Artificer)           Turns: 6998, Time: 00:22:51

Health: -6/79      AC: 16    Str: 23    XL:     9   Next: 37%
Magic:  10/10      EV:  6    Int: 11    God:    Zin [**....]
Gold:   345        SH:  0    Dex: 10    Spells: 8/8 levels left

rFire   . . .        b - +0 dagger (venom)
rCold   + . .        (no shield)
rNeg    . . .        f - +0 swamp dragon scales
rPois   +            w - +0 helmet
rElec   .            (no cloak)
rCorr   .            F - +0 pair of gloves
SInv    .            r - +0 barding
Will    .....        (no amulet)
Stlth   +            H - ring of protection from cold
HPRegen 0.33/turn    (no ring)
MPRegen 0.12/turn

%: roll
@: no status effects
A: large, rugged brown scales 3, deformed body, armoured tail, roll, long
tongue, awkward tongue
a: Renounce Religion, Recite, Vitalisation, Donate Gold


You were on level 9 of the Dungeon.
You worshipped Zin.
Zin was pleased with you.
You visited 2 branches of the dungeon, and saw 10 of its levels.

You collected 383 gold pieces.
You donated 38 gold pieces to Zin.

Inventory:

Hand Weapons
 a - a +0 flail
 b - a +0 dagger of venom (weapon)
 c - a +3 scimitar of freezing
Missiles
 n - 2 boomerangs
 o - 5 poisoned darts
 u - 2 throwing nets
 v - 34 stones
Armour
 f - +0 swamp dragon scales (worn)
 r - a +0 barding (worn)
 w - a +0 helmet (worn)
 F - a +0 pair of gloves (worn)
Jewellery
 H - a ring of protection from cold (left hand)
Wands
 d - a wand of charming (10)
 A - a wand of digging (7)
 B - a wand of flame (31)
Scrolls
 e - 3 scrolls of amnesia {unknown}
 h - 12 scrolls of identify {unknown}
 j - a scroll of summoning {unknown}
 l - 2 scrolls of immolation {unknown}
 q - 5 scrolls of teleportation {unknown}
 s - a scroll of magic mapping {unknown}
 x - a scroll of vulnerability {unknown}
 y - 2 scrolls of blinking {unknown}
 C - a scroll of noise {unknown}
 E - 2 scrolls of enchant armour {unknown}
 G - a scroll of enchant weapon {unknown}
Potions
 g - 3 potions of flight {unknown}
 i - 4 potions of heal wounds {unknown}
 k - a potion of resistance {unknown}
 m - 3 potions of mutation {unknown}
 p - 4 potions of ambrosia {unknown}
 t - 2 potions of brilliance {unknown}
 z - a potion of degeneration {unknown}
 D - 3 potions of curing {unknown}
 I - a potion of attraction {unknown}


   Skills:
 + Level 5.1 Fighting
 + Level 4.7 Maces & Flails
 + Level 4.9 Throwing
 + Level 7.2 Armour
 - Level 0.6 Dodging
 - Level 1.1 Stealth
 + Level 2.4 Invocations
 + Level 6.4 Evocations


You had 8 spell levels left.
You didn't know any spells.
Your spell library contained the following spells:

 Spells                   Type           Power      Damage    Failure   Level
 Slow                     Hex            0%         N/A       45%         1
 Confusing Touch          Hex            0%         N/A       83%         3
 Vampiric Draining        Necr           0%         2d6       83%         3
 Volatile Blastmotes      Fire/Tloc      0%         2d10      83%         3
 Fulminant Prism          Conj/Hex       0%         3d5       99%         4
 Iskenderun's Mystic Bla  Conj/Tloc      0%         2d3       99%         4
 Passage of Golubria      Tloc           0%         N/A       99%         4
 Lee's Rapid Deconstruct  Erth           0%         3d4*      100%        5
 Silence                  Hex/Air        0%         N/A       100%        5
 Lehudib's Crystal Spear  Conj/Erth      0%         10d2      100%        8


Dungeon Overview and Level Annotations

Branches:
Dungeon (10/15)            Temple (1/1) D:6
   Lair: D:8-11         Orc: D:9-12

Altars:
Ashenzari
Dithmenos
Elyvilon
Fedhas
Gozag
Hepliaklqana
Kikubaaqudgha
Makhleb
Nemelex Xobeh
Okawaru
Qazlal
Ru
Sif Muna
Uskayaw
Vehumet
Wu Jian
Xom
Yredelemnul
Zin
The Shining One

Shops:
D:2 :   D:7 [


Innate Abilities, Weirdness & Mutations

You are completely covered in rugged brown scales. (AC +3, +7% HP)
Armour fits poorly on your strangely shaped body.
You have a long armoured tail.
You roll when moving toward enemies. (Rampage)
Your long tongue fully drains potion bottles. (2x potion effects)
Your tongue gives you trouble enunciating. (1.5x scroll delay)


Message History

The two-headed ogre hits you with a +0 giant spiked club.
The two-headed ogre hits you with a +0 giant spiked club!!
Okay, then.
Okay, then.
Okay, then.
Aiming: Charm
Press: ? - help, Shift-Dir - straight line, f - two-headed ogre
Aim: a two-headed ogre, wielding two +0 giant spiked clubs (chance to affect: 47%)
Okay, then.
Okay, then.
Okay, then.
Aiming: Corrosive Bolt
Press: ? - help, Shift-Dir - straight line, f - two-headed ogre
Aim: a two-headed ogre, wielding two +0 giant spiked clubs (88% to hit)
The bolt of acid hits the two-headed ogre!!
The acid corrodes the two-headed ogre!
The two-headed ogre is moderately wounded.
The two-headed ogre hits you with a +0 giant spiked club!
The two-headed ogre hits you with a +0 giant spiked club.
Aiming: Corrosive Bolt
Press: ? - help, Shift-Dir - straight line, f - ice beast, p - two-headed ogre
Aim: an ice beast (74% to hit)
The bolt of acid hits the two-headed ogre!
The two-headed ogre is severely wounded.
The bolt of acid hits the ice beast!
The acid corrodes the ice beast!
The ice beast is heavily wounded.
You hear a howl!
Aiming: Corrosive Bolt
Press: ? - help, Shift-Dir - straight line, f/p - ice beast
Aim: an ice beast (heavily wounded, covered in acid, 74% to hit)
The bolt of acid hits the two-headed ogre!
The two-headed ogre is almost dead.
The bolt of acid hits the ice beast!
The ice beast is almost dead.
The now-empty wand crumbles to dust.
A wolf comes into view.
The two-headed ogre hits you with a +0 giant spiked club!
* * * LOW HITPOINT WARNING * * *
The two-headed ogre hits you with a +0 giant spiked club!!
You die...

.# ## ########### .##.## #
#......>).###.......##.###.
#.#)....................>..
#.#)##.#......########.####
#.#.##.#.#........ #
#.#.##.............
#...######@..###### ##..#
#O..# #..######...#
#......†Y...# #..#####...$#
#...........# #..###Y...###
#..# #..h.# ...# #.##.#


You could see a two-headed ogre (corroded), an ice beast (corroded) and a wolf.

Vanquished Creatures
  A wyvern (D:5)
  A wraith (D:10)
  Menkaure (D:5)
  A steam dragon (D:6)
  Duvessa (D:4)
  A water moccasin (D:6)
  2 black bears (D:5)
  An ogre (D:6)
  2 centaurs
  A phantom (D:7)
  3 scorpions
  5 wights (D:10)
  4 killer bees (D:10)
  5 howler monkeys
  3 orc priests
  2 hounds
  6 iguanas
  4 orc wizards
  Natasha (twice) (D:3)
  8 adders
  2 ufetubi
  2 worms (D:2)
  24 orcs
  10 bats
  3 endoplasms
  2 giant cockroaches
  3 goblins
  9 hobgoblins
  3 jackals (D:1)
  4 quokkas
  8 ball pythons
  8 frilled lizards
  3 kobolds (D:3)
  5 rats
140 creatures vanquished.

Vanquished Creatures (collateral kills)
  An orc (D:4)
1 creature vanquished.

Vanquished Creatures (others)
  Dowan (D:4)
  An orc priest (D:4)
2 creatures vanquished.

Grand Total: 143 creatures vanquished

Notes
Turn   | Place    | Note
-------+----------+-------------------------------------------
     0 | D:1      | belegose the Armataur Artificer began the quest for the
                  | Orb.
     0 | D:1      | Reached XP level 1. HP: 16/16 MP: 1/1
   103 | D:1      | Reached skill level 1 in Fighting
   255 | D:1      | Reached XP level 2. HP: 20/24 MP: 2/2
   414 | D:1      | Reached skill level 3 in Armour
  1040 | D:2      | Reached XP level 3. HP: 17/29 MP: 3/3
  1232 | D:2      | Found Wodotit's Vocational Training.
  1893 | D:3      | Reached skill level 1 in Throwing
  1893 | D:3      | Reached XP level 4. HP: 29/38 MP: 4/4
  2106 | D:3      | Noticed Natasha
  2121 | D:3      | Killed Natasha
  2122 | D:3      | Reached skill level 1 in Maces & Flails
  2274 | D:3      | Reached XP level 5. HP: 25/44 MP: 5/5
  2485 | D:3      | Noticed Natasha
  2630 | D:3      | Killed Natasha
  3063 | D:4      | Reached skill level 4 in Armour
  3088 | D:4      | Reached XP level 6. HP: 53/53 MP: 6/6
  3147 | D:4      | Noticed Dowan
  3148 | D:4      | Noticed Duvessa
  3172 | D:4      | Your ally Dowan died
  3177 | D:4      | Killed Duvessa
  3451 | D:4      | Found a white marble altar of Elyvilon.
  3899 | D:5      | Entered Level 5 of the Dungeon
  3972 | D:5      | Reached XP level 7. HP: 53/60 MP: 7/7
  4080 | D:5      | Noticed Menkaure
  4087 | D:5      | Reached skill level 5 in Armour
  4097 | D:5      | Killed Menkaure
  4098 | D:5      | Reached skill level 5 in Evocations
  4128 | D:5      | Noticed a wyvern
  4135 | D:5      | Killed a wyvern
  4136 | D:5      | Reached XP level 8. HP: 43/70 MP: 8/8
  4768 | D:6      | Reached skill level 6 in Armour
  5122 | D:6      | Found a staircase to the Ecumenical Temple.
  5176 | Temple   | Entered the Ecumenical Temple
  5414 | Temple   | Became a worshipper of Zin the Law-Giver
  5414 | Temple   | Reached * piety under Zin
  6156 | D:7      | Reached skill level 1 in Invocations
  6186 | D:7      | Found Zouseta's Antique Armour Emporium.
  6245 | D:7      | You fall into a shaft and drop 3 floors!
  6245 | D:10     | Entered Level 10 of the Dungeon
  6250 | D:10     | Reached ** piety under Zin
  6325 | D:10     | Reached XP level 9. HP: 73/77 MP: 10/10
  6449 | D:10     | Identified the +2 great mace of Gozag's Grace {vamp,
                  | *Corrode rElec rC+ Stlth+}
  6490 | D:10     | Reached skill level 5 in Fighting
  6490 | D:10     | Reached skill level 7 in Armour
  6991 | D:9      | Noticed a two-headed ogre
  6998 | D:9      | Mangled by a two-headed ogre

Illustrated notes

Levels and vault maps discovered:
D:1:      kennysheep_arrival_seaside, layout_basic
D:2:      layout_loops_corners, nicolae_shop_vocational
D:3:      layout_basic, minmay_misc_feat_plants, skrybe_limestone_x,
          chequers_serial_rivers_micro_c, uniq_natasha
D:4:      layout_loops_ring, nicolae_elyvilon_peaceful_grove, uniq_duvessa
D:5:      layout_cave_pools, chequers_serial_rivers_large_a, uniq_menkaure
D:6:      layout_rooms, minmay_temple_entry_junction_2
D:7:      layout_basic, nicolae_ossuary_entry_giza, serial_shops,
          nicolae_shop_hallway_plus
D:9:      layout_loops_ring, serial_ice, serial_ice_b, serial_ice_g,
          serial_ice_f, serial_ice_l, uniq_joseph, uniq_erolcha
D:10:     layout_roguey [special_room_orc]
Temple:   compressed_dpeg_triangle_lava_temple

Skill      XL: |  1  2  3  4  5  6  7  8  9 |
---------------+----------------------------+-----
Fighting       | 1 2 3 4 5 |  5.1
Armour         | 3 4 5 6 7 |  7.2
Throwing       | 1 2 3 4 |  4.9
Maces & Flails | 1 2 3 4 |  4.7
Evocations     | 4 5 6 |  6.4
Invocations    | 1 2 |  2.4
Dodging        | |  0.6
Stealth        | |  1.1

Action                     |  1- 3 |  4- 6 |  7- 9 || total
---------------------------+-------+-------+-------++-------
  Melee: Club              |    90 |       |       ||    90
         Tailslap          |    20 |    19 |    31 ||    70
         Mace              |    86 |   101 |       ||   187
         Punch             |     4 |     1 |       ||     5
         Dagger            |       |    30 |   146 ||   176
         Flail             |       |    14 |    97 ||   111
   Fire: Shortbow          |       |       |     1 ||     1
  Throw: Boomerang         |     3 |     3 |       ||     6
         Dart              |       |       |     2 ||     2
         Stone             |       |       |     4 ||     4
 Invoke: Recite            |       |       |     1 ||     1
  Evoke: Wand              |       |     9 |     9 ||    18
 Armour: Swamp dragon scal |   122 |   128 |   201 ||   451
  Dodge: Dodged            |    89 |    48 |    91 ||   228
